 Dungeon Crawl Stone Soup version 0.26-a0-651-gb41185065b (webtiles) character file.

Game seed: 3106429326082297687

131 Flugslaktarn the Covered (level 4, -4/44 HPs)
             Began as a Deep Dwarf Fighter on Oct 22, 2020.
             Killed by divine providence
             ... invoked by an orc priest
              (10 damage)
             ... on level 4 of the Dungeon.
             The game lasted 00:00:36 (498 turns).

Flugslaktarn the Covered (Deep Dwarf Fighter)        Turns: 498, Time: 00:00:37

Health: -4/44      AC:  9    Str: 20    XL:     4   Next: 91%
Magic:  4/4        EV:  7    Int:  8    God:
Gold:   40         SH:  9    Dex: 13    Spells: 3/3 levels left

rFire    . . .     SeeInvis .   a - +0 war axe
rCold    . . .     Faith    .   c - +0 kite shield
rNeg     . . .     Spirit   .   b - +0 scale mail
rPois    .         Reflect  .   q - +0 helmet
rElec    .         Harm     .   p - +0 cloak
rCorr    .         Rampage  .   (no gloves)
MR       .....                  (no boots)
Stlth    ..........             (no amulet)
HPRegen  0.00/turn              (no ring)
MPRegen  0.09/turn              (no ring)

@: non-regenerating
A: damage resistance, heal wounds, sense surroundings 1, no regeneration
a: Heal Wounds


You were on level 4 of the Dungeon.
You visited 1 branch of the dungeon, and saw 4 of its levels.

You collected 40 gold pieces.

Inventory:

Hand Weapons
 a - a +0 war axe (weapon)
Armour
 b - a +0 scale mail (worn)
 c - a +0 kite shield (worn)
 p - a +0 cloak (worn)
   (You found it on level 2 of the Dungeon)
 q - a +0 helmet (worn)
   (You found it on level 2 of the Dungeon)
Jewellery
 s - an uncursed ring of stealth {unknown}
   (You found it on level 3 of the Dungeon)
Scrolls
 e - a scroll of magic mapping {unknown}
 f - 2 scrolls of remove curse {unknown}
 g - a scroll of fear {unknown}
 h - 4 scrolls of identify {unknown}
 j - a scroll of random uselessness {unknown}
 m - a scroll of enchant weapon {unknown}
 n - a scroll of blinking {unknown}
 r - a scroll of teleportation {unknown}
Potions
 d - 2 potions of might
 i - a potion of flight {unknown}
 k - a potion of curing {unknown}
 l - a potion of brilliance {unknown}
 o - a potion of heal wounds {unknown}


   Skills:
 * Level 3.6 Fighting
 * Level 3.7 Axes
 + Level 4.0 Armour
 + Level 3.8 Shields


You had 3 spell levels left.
You didn't know any spells.
Your spell library was empty.

Dungeon Overview and Level Annotations

Branches:
Dungeon (4/15)
 Temple: D:4-7

Altars:


Innate Abilities, Weirdness & Mutations

You are resistant to damage.
You can heal yourself by infusing magical energy.
You passively map a small area around you.
You do not regenerate.


Message History

Beogh smites you!
* * * LOW HITPOINT WARNING * * *
You block the orc priest's attack.
You hear a shout!
You are too injured to fight recklessly!
You are too injured to fight recklessly!
You are too injured to fight recklessly!
You are too injured to fight recklessly!
You are too injured to fight recklessly!
You are too injured to fight recklessly!
You are too injured to fight recklessly!
You are too injured to fight recklessly!
You are too injured to fight recklessly!
You are too injured to fight recklessly!
You are too injured to fight recklessly!
You fail to use your ability.
An orc priest comes into view. It is wielding a +0 dagger.
The orc priest calls down the wrath of Beogh upon you.
Beogh smites you!
You die...

, ######## ,, , *
.#......#### *
...........## ,
............### ## ,
,
,..............##...
........<..........
,
...................
,
...........@.......
*,
...........o.#.....,
...........o.#,s...
, .............o., .
, ................ ,
................. ,
* ,
................, ,
, ...?........... ,
, ,


You could see 2 orc priests and an orc.

Vanquished Creatures
  A scorpion (D:4)
  Robin (D:2)
  2 adders
  An ooze (D:1)
  2 worms (D:2)
  A dart slug (D:2)
  2 giant cockroaches
  11 goblins
  6 hobgoblins
  A quokka (D:4)
  A ball python (D:2)
  2 bats (D:2)
  A frilled lizard (D:1)
  4 kobolds
  3 rats
39 creatures vanquished.

Notes
Turn   | Place    | Note
-------+----------+-------------------------------------------
     0 | D:1      | Flugslaktarn the Deep Dwarf Fighter began the quest for the
                  | Orb.
     0 | D:1      | Reached XP level 1. HP: 20/20 MP: 1/1
    72 | D:1      | Reached XP level 2. HP: 25/27 MP: 2/2
    90 | D:2      | Found a faded altar of an unknown god.
   275 | D:2      | Noticed Robin
   286 | D:2      | Reached XP level 3. HP: 14/34 MP: 3/3
   299 | D:2      | Killed Robin
   405 | D:3      | Reached XP level 4. HP: 23/42 MP: 4/4
   493 | D:4      | Reached skill level 4 in Armour
   494 | D:4      | Noticed a troll
   498 | D:4      | Killed from afar by an orc priest

Illustrated notes

Levels and vault maps discovered:
D:1:      minmay_arrival_shattered_statue, layout_basic
D:2:      layout_rooms, old_standard_altar, nicolae_overflow_hidden_temple,
          chequers_ecumenical_altar_island, minmay_pentomino_z2, uniq_robin
D:3:      layout_loops_cross, grunt_qazlal_clouds, grunt_ministairs_6,
          kennysheep_donut, uniq_sigmund
D:4:      layout_layer_cave, fiery_altar_vehumet, serial_shops, shop,
          kennysheep_mini, shop, nicolae_shop_behind_doors, uniq_ijyb,
          uniq_eustachio

Skill      XL: |  1  2  3  4 |
---------------+-------------+-----
Fighting       | 3 |  3.6
Axes           | 3 |  3.7
Armour         | 4 |  4.0
Shields        | |  3.8

Action                   |  1- 3 |  4- 6 || total
-------------------------+-------+-------++-------
Melee: War axe           |    82 |    18 ||   100
 Abil: Heal Wounds       |     1 |     1 ||     2
Armor: Scale mail        |    68 |     6 ||    74
Dodge: Dodged            |    29 |     2 ||    31
Block: Kite shield       |    82 |     6 ||    88

Table legend: (Time is in decaauts)
 A = Elapsed time spent in this place.
 B = Non-inter-level travel time spent in this place.
 C = Inter-level travel time spent in this place.
 D = Time resting spent in this place.
 E = Time spent auto-exploring this place.
 F = Levels seen in this place.
 G = Mean time per level.
                   A        B        C        D        E       F      G
               +--------+--------+--------+--------+--------+-----+--------+
         Total |    541 |    485 |     56 |      0 |    235 |   4 |  135.2 |
       Dungeon |    541 |    485 |     56 |      0 |    235 |   4 |  135.2 |
               +--------+--------+--------+--------+--------+-----+--------+

Top non-repeatable levels by time:
     D:2: 261 daAuts
     D:3: 167 daAuts
     D:1: 90 daAuts
     D:4: 22 daAuts
